[Event "Mitropa Cup Women 2022"]
[Site "Corte"]
[Date "2022.05.08"]
[Round "9.8"]
[White "Froewis, Annika"]
[Black "Buchholz, Maja"]
[Result "0-1"]
[ECO "A45"]
[WhiteElo "2090"]
[BlackElo "1945"]
[Annotator "TA"]
[PlyCount "74"]
[EventDate "2022.04.30"]
[EventType "team-tourn"]
[EventCountry "FRA"]
[SourceTitle "playchess.com"]
[Source "ChessBase"]
[SourceQuality "1"]
[WhiteTeam "Austria"]
[BlackTeam "Germany"]
[WhiteTeamCountry "AUT"]
[BlackTeamCountry "GER"]
[TimeControl "40/5400+30:1800+30"]

1. d4 Nf6 2. Bf4 g6 3. Nc3 d5 4. e3 Bg7 5. h4 h5 6. Nf3 {[%emt 0:00:24] A45: Trompowsky Attack.} O-O 7. Ne5 c5 8. Qd2 {[%emt 0:02:20] The position is equal.} Nc6 9. O-O-O {[%emt 0:01:20] [#]} c4 $146 (9... Qa5 $11 {is superior.}) ({Predecessor:} 9... Bf5 10. f3 Nb4 11. Nd3 Rc8 12. Kb1 b5 13. dxc5 Bxd3 14. Bxd3 Rxc5 15. Be5 Nc6 16. Bxf6 Bxf6 {0-1 (38) Maurizzi,M (2433)-Salem,A (2682) Chess.com INT 2020}) 10. Nxc6 bxc6 11. Na4 (11. f3 $11) 11... Nd7 12. e4 Re8 (12... Nb6 $15 13. Nc3 dxe4) 13. f3 (13. Nc3 $11 {remains equal.}) 13... Nb6 ({Better is} 13... e5 $17 14. dxe5 Nxe5) 14. Nc5 (14. Nc3 $1 $14) 14... e5 $15 15. Bg5 Qd6 16. c3 f5 17. exf5 gxf5 ({Black should play} 17... Bxf5 $15 18. Bh6 Bf6) 18. Kb1 (18. Re1 $14) 18... Rb8 {[%emt 0:04:09] aiming for ...f4.} 19. Ka1 Nd7 $2 (19... f4 $17 {stays on course.}) 20. Nxd7 $1 $16 Bxd7 21. dxe5 Qxe5 (21... Bxe5 $16 {is a better defense.} 22. Bxc4 Qf8) 22. Bxc4 $2 dxc4 $11 23. Qxd7 Rxb2 $1 {[%emt 0:00:21][%cal Ob2b1] ( -> ...Rb1+!)} 24. Qxe8+ $1 (24. Qxc6 {[#] leads to mate.} Rb1+ $3 25. Kxb1 Rb8+) 24... Qxe8 25. Kxb2 {[%emt 0:00:36] Threatens to win with Rd8.} Qe5 26. Rd8+ Kh7 {[%emt 0:00:14] The board is on fire.} 27. Rc1 Qb5+ 28. Ka1 Qa5 29. Rd7 {[%emt 0:02:07] Bf6 is the strong threat.} Kg6 $36 {[%emt 0:01:13][%mdl 2048] Prevents Bf6. Black has the initiative.} 30. Rd6+ Kh7 31. Bf6 (31. Rd7 $11 Kg6 32. Rd6+ Kf7 33. Rd7+ Kg6) 31... Qa3 $1 $19 32. Rcd1 Bxf6 33. Rd7+ Kg6 {[%emt 0:00:12] Black mates.} 34. Kb1 Qxc3 35. Rb7 Qa1+ 36. Kc2 Qxa2+ 37. Kc1 Be5 {[%emt 0:00:41] Quite a comeback for Black.  Weighted Error Value: White=0.79/Black=0.37} 0-1

[Event "Mitropa Cup Women 2022"]
[Site "Corte"]
[Date "2022.05.08"]
[Round "9.8"]
[White "Schippke, Manon"]
[Black "Rozman, Monika"]
[Result "1-0"]
[ECO "B12"]
[WhiteElo "2072"]
[BlackElo "2117"]
[Annotator "TA"]
[PlyCount "83"]
[EventDate "2022.04.30"]
[EventType "team-tourn"]
[EventCountry "FRA"]
[SourceTitle "playchess.com"]
[Source "ChessBase"]
[SourceQuality "1"]
[WhiteTeam "France"]
[BlackTeam "Slovenia"]
[WhiteTeamCountry "FRA"]
[BlackTeamCountry "SLO"]
[TimeControl "40/5400+30:1800+30"]

1. e4 c6 2. d4 d5 3. e5 Bf5 4. h4 h6 5. g4 Bh7 6. e6 fxe6 7. Bd3 Be4 {[%emt 0:01:28] B12: Caro-Kann: Advance Variation.} 8. f3 (8. Nf3 {feels hotter.} c5 9. Ne5 Nc6 10. Nxc6 bxc6 11. Bxe4 dxe4 12. dxc5 Qxd1+ 13. Kxd1 Nf6 14. Rg1) 8... Bxd3 9. Qxd3 {[%emt 0:00:05] Black must now prevent Ne2.} Qd6 {[%emt 0:02:16] [#]} (9... e5 $1 $14) 10. f4 $1 $16 e5 {[%emt 0:20:26] [#]} 11. dxe5 $146 ({Predecessor:} 11. fxe5 Qe6 12. Qe2 c5 13. c3 Nc6 14. Be3 h5 15. g5 Qf5 16. Nd2 e6 17. a3 Nge7 18. Rh2 {0-1 (25) Dahanayake,I (1771)-Licheli,L (2010) New Delhi 2019}) 11... Qe6 12. Qg3 $36 {[%emt 0:13:29][%mdl 2048] Hoping for f5. White has good play.} g6 {[%emt 0:06:30] Prevents f5.} 13. Nf3 Qf7 14. Be3 e6 15. Nbd2 {[%emt 0:00:39] White is more active.} Nd7 16. O-O-O Bc5 (16... c5 $16 {was necessary.}) 17. Bxc5 $18 Nxc5 18. f5 (18. Nd4 $18 {has better winning chances.}) 18... gxf5 $16 19. gxf5 exf5 20. e6 (20. Nd4 $16) 20... Qh7 $2 {[%emt 0:01:29][%mdl 8192] Black is now going downhill.} (20... Nxe6 $11 {and Black is okay.} 21. Qe5 Qf6) 21. Nd4 O-O-O 22. Qa3 Na6 {[%emt 0:02:39] [#]} 23. Nxc6 bxc6 24. Qxa6+ Qb7 25. Qa3 Nf6 26. Rh3 Rhe8 $2 (26... Qc7 27. Rf3 Rde8) 27. Rb3 $18 {[%emt 0:03:22] White is clearly winning.} Qa8 28. Nf3 {Strongly threatening Nd4.} ({Not} 28. e7 Rd7 29. Re1 (29. Qa6+ Kc7 $18) 29... a5 $18) 28... Ne4 29. Nd4 {[%emt 0:05:15] Qa5 is the strong threat.} a5 30. e7 Rd6 31. Nxf5 Kd7 32. Nxd6 Nxd6 33. Re1 ({Less strong is} 33. Re3 Nc4 34. Qd3 Nxe3 35. Qxe3 Rxe7 36. Qxh6 Qa7 $16) 33... Qa7 {[%emt 0:04:11] And now ...Nc4 would win.} 34. Rf3 {[%emt 0:01:36] Threatens to win with Rf6.} Rxe7 35. Rxe7+ Kxe7 {[%emt 0:00:04][%mdl 4096] Endgame KQR-KQN} 36. Re3+ Kd7 37. Qd3 {[%emt 0:00:00] Prevents Nf5. White threatens Qh7+ and mate.} Kd8 38. Rg3 Qf7 39. Qf3 Qe7 {[%emt 0:00:54] aiming for ...Qe1+.} 40. Qe3 {[%emt 0:02:02] Against Qe1+} Qf7 (40... Qxe3+ $142 41. Rxe3 Kd7) 41. Qb6+ Kd7 {[%emt 0:30:27] [#] ( -> ...Qf1+)} 42. Qa7+ {[%emt 0:00:14] Weighted Error Value: White=0.24 (precise) /Black=0.71} (42. Rg7 $142 $3 ) 1-0